[Event "42nd Olympiad Baku 2016 Open"]
[Site "Baku"]
[Date "2016.09.05"]
[Round "4.10"]
[White "Bachmann, Axel"]
[Black "Sulskis, Sarunas"]
[Result "1-0"]
[ECO "A06"]
[WhiteElo "2641"]
[BlackElo "2519"]
[Annotator ""]
[PlyCount "77"]
[EventDate "2016.??.??"]
[EventCountry "AZE"]
[SourceTitle "playchess.com"]
[Source "ChessBase"]
[WhiteTeam "Paraguay"]
[BlackTeam "Lithuania"]
[WhiteTeamCountry "PAR"]
[BlackTeamCountry "LTU"]
[TimeControl "40/5400+30:1800+30"]

1. Nf3 {(00:00)} d5 {(00:00)} 2. g3 {(00:13)} c6 {(
00:20)} 3. Bg2 {(00:29)} Bg4 {(00:35)} 4. O-O {(00:52)}
Nd7 {(01:09)} 5. d3 {(03:28)} e6 {(04:52)} 6. Nbd2 {
(05:01)} Bd6 {(02:31)} 7. h3 {(01:03)} Bh5 {(00:46]
} 8. e4 {(04:36)} Ne7 {(01:05)} 9. d4 {(08:34)} O-O {
(00:32)} 10. Re1 {(05:01)} a5 {(04:28)} 11. c3 {(
10:59)} a4 {(02:32)} 12. e5 {(01:23)} Bc7 {(01:40)} 13.
Nf1 {(01:17)} c5 {(05:33)} 14. g4 {(07:51)} Bg6 {(
00:06)} 15. Ng3 {(00:15)} cxd4 {(07:19)} 16. cxd4 {(00:37]
} Nc6 {(00:10)} 17. h4 {(00:51)} a3 {(18:45)} 18. bxa3 {
(11:12)} Ba5 {(04:10)} 19. h5 {(07:23)} Bxe1 {(07:
35)} 20. hxg6 {(02:08)} Bc3 {(04:14)} 21. gxh7+ {(00:08)}
Kh8 {(00:12)} 22. Rb1 {(00:10)} Qc7 {(04:59)} 23. Ne2 {
(06:19)} Ba5 {(06:31)} 24. Bg5 {(01:00)} Rac8 {(06:
21)} 25. Qd3 {(07:05)} Rfe8 {(00:40)} 26. Nf4 {(01:54)}
Nf8 {(00:16)} 27. Nh5 {(00:45)} Nxh7 {(05:43)} 28. Qe3 {
(01:17)} Rg8 {(03:36)} 29. Bf1 {(00:08)} Rcf8 {(03:
48)} 30. Bd3 {(00:08)} f5 {(00:49)} 31. Nf4 {(00:57)} g6 {
(00:39)} 32. Nxe6 {(00:12)} fxg4 {(02:46)} 33. Nh4 {
(01:55)} Qf7 {(00:51)} 34. Nxf8 {(00:12)} Qxf8 {(
00:36)} 35. Rxb7 {(01:11)} Be1 {(00:29)} 36. Bf6+ {(03:11]
} Nxf6 {(00:41)} 37. exf6 {(00:03)} g3 {(00:36)} 38. Qg5 {
(00:36)} Bxf2+ {(00:26)} 39. Kg2 {(00:06)} 1-0

[Event "42nd Olympiad Baku 2016 Open"]
[Site "Baku"]
[Date "2016.09.05"]
[Round "4.26"]
[White "Bajarani, Ulvi"]
[Black "Babarykin, Stanislav"]
[Result "1-0"]
[ECO "A80"]
[WhiteElo "2509"]
[BlackElo "2339"]
[Annotator ""]
[PlyCount "81"]
[EventDate "2016.??.??"]
[EventCountry "AZE"]
[SourceTitle "playchess.com"]
[Source "ChessBase"]
[WhiteTeam "AZE"]
[BlackTeam "IBCA"]
[WhiteTeamCountry "AZE"]
[BlackTeamCountry "RUS"]
[TimeControl "40/5400+30:1800+30"]

1. d4 {(00:00)} f5 {(00:00)} 2. Nc3 {(00:00)} Nf6 {
(00:00)} 3. Bg5 {(00:00)} d5 {(00:14)} 4. f3 {(00:
02)} c5 {(00:31)} 5. e4 {(00:26)} Nc6 {(00:40)} 6. Bb5 {
(02:32)} a6 {(01:40)} 7. Bxc6+ {(00:12)} bxc6 {(00:
02)} 8. Nge2 {(00:24)} dxe4 {(38:07)} 9. fxe4 {(01:12)}
cxd4 {(04:10)} 10. Qxd4 {(01:06)} Qxd4 {(34:52)} 11. Nxd4
{(00:10)} h6 {(00:34)} 12. Bxf6 {(01:16)} exf6 {(
00:09)} 13. exf5 {(00:54)} c5 {(04:02)} 14. Ne6 {(00:28)}
Bxe6 {(00:33)} 15. fxe6 {(00:06)} O-O-O {(00:07)} 16. O-O
{(02:27)} Bd6 {(00:16)} 17. Rae1 {(06:16)} Rhe8 {(
01:03)} 18. Rf5 {(02:15)} Be5 {(00:39)} 19. Rexe5 {(00:50]
} fxe5 {(00:03)} 20. Rxe5 {(00:16)} Rd6 {(01:07)} 21. e7 {
(00:53)} Kd7 {(02:31)} 22. Nd5 {(00:15)} c4 {(00:
01)} 23. b3 {(04:45)} c3 {(01:22)} 24. Kf1 {(01:06)} Rc6 {
(02:28)} 25. Re3 {(13:54)} Rd6 {(06:14)} 26. Re5 {(
04:11)} Rc6 {(00:11)} 27. Re3 {(01:43)} Rd6 {(00:37)} 28.
Nxc3 {(00:23)} Rxe7 {(00:03)} 29. Rxe7+ {(00:13)} Kxe7 {
(00:01)} 30. Ke2 {(00:12)} Ke6 {(02:02)} 31. Ne4 {(
00:24)} Rc6 {(00:14)} 32. c4 {(00:12)} Ke5 {(00:11)} 33.
Ke3 {(00:11)} a5 {(01:08)} 34. Kd3 {(01:55)} h5 {(
00:22)} 35. Ke3 {(06:37)} h4 {(00:36)} 36. Nd2 {(00:21)}
Kf5 {(00:38)} 37. Nf3 {(00:24)} Re6+ {(00:13)} 38. Kd3 {
(02:22)} Kg4 {(00:45)} 39. Nd4 {(00:35)} Rg6 {(00:
25)} 40. c5 {(00:00)} Kf4 {(00:00)} 41. c6 {(01:06] Ke4+
Kxe4} 1-0

[Event "42nd Olympiad Baku 2016 Open"]
[Site "Baku"]
[Date "2016.09.05"]
[Round "4.31"]
[White "Balogh, Csaba"]
[Black "Alfaro, William"]
[Result "1-0"]
[ECO "B50"]
[WhiteElo "2614"]
[BlackElo "2188"]
[Annotator ""]
[PlyCount "71"]
[EventDate "2016.??.??"]
[EventCountry "AZE"]
[SourceTitle "playchess.com"]
[Source "ChessBase"]
[WhiteTeam "Hungary"]
[BlackTeam "Nicaragua"]
[WhiteTeamCountry "HUN"]
[BlackTeamCountry "NCA"]
[TimeControl "40/5400+30:1800+30"]

1. e4 {(00:00)} c5 {(00:25)} 2. Nf3 {(00:04)} d6 {(
01:20)} 3. Nc3 {(03:28)} Nf6 {(00:44)} 4. d4 {(00:54)}
cxd4 {(00:05)} 5. Qxd4 {(00:17)} Nc6 {(00:22)} 6. Bb5 {
(00:09)} Bd7 {(00:05)} 7. Bxc6 {(00:08)} Bxc6 {(00:
04)} 8. Bg5 {(00:09)} e6 {(00:04)} 9. Qd3 {(00:42)} Be7 {
(00:13)} 10. Nd4 {(00:20)} h6 {(00:10)} 11. Bh4 {(
13:24)} O-O {(04:23)} 12. O-O-O {(04:17)} Qa5 {(11:01)}
13. f4 {(03:01)} Rfe8 {(01:45)} 14. f5 {(09:02)} Rac8 {
(22:24)} 15. Rhe1 {(10:45)} a6 {(24:17)} 16. Kb1 {(
09:10)} e5 {(10:59)} 17. Bxf6 {(13:39)} Bxf6 {(02:03)} 18.
Nb3 {(02:05)} Qb6 {(00:33)} 19. Qxd6 {(00:51)} Qf2 {
(06:10)} 20. Qd2 {(01:28)} Qh4 {(00:35)} 21. g3 {(
01:10)} Qg4 {(00:09)} 22. Qe2 {(01:19)} Qh3 {(00:34)} 23.
Na5 {(01:59)} Rcd8 {(01:30)} 24. Nxc6 {(02:22)} bxc6 {
(00:11)} 25. Na4 {(00:38)} Be7 {(05:09)} 26. Nb6 {(
01:01)} Bc5 {(00:50)} 27. Nc4 {(00:24)} f6 {(00:37)} 28.
c3 {(00:38)} h5 {(01:45)} 29. Na5 {(01:56)} Bf8 {(
03:37)} 30. Rxd8 {(02:43)} Rxd8 {(00:02)} 31. Nxc6 {(00:
13)} Rd6 {(00:53)} 32. Nb4 {(01:03)} h4 {(00:32)} 33. g4 {
(00:56)} Kh7 {(01:17)} 34. Nd5 {(00:23)} g6 {(00:
26)} 35. Rd1 {(00:55)} Rc6 {(01:39)} 36. Rd3 {(00:10)} 1-0

[Event "42nd Olympiad Baku 2016 Open"]
[Site "Baku"]
[Date "2016.09.05"]
[Round "4.35"]
[White "Banikas, Hristos"]
[Black "Fressinet, Laurent"]
[Result "1/2-1/2"]
[ECO "E10"]
[WhiteElo "2571"]
[BlackElo "2664"]
[Annotator ""]
[PlyCount "61"]
[EventDate "2016.??.??"]
[EventCountry "AZE"]
[SourceTitle "playchess.com"]
[Source "ChessBase"]
[WhiteTeam "Greece"]
[BlackTeam "France"]
[WhiteTeamCountry "GRE"]
[BlackTeamCountry "FRA"]
[TimeControl "40/5400+30:1800+30"]

1. d4 {(00:00)} Nf6 {(00:00)} 2. c4 {(00:00)} e6 {(
00:00)} 3. Nf3 {(00:00)} d5 {(00:00)} 4. g3 {(00:00)} Bb4+
{(00:14)} 5. Bd2 {(00:08)} Be7 {(00:04)} 6. Bg2 {(
00:25)} O-O {(00:23)} 7. O-O {(01:39)} Nbd7 {(00:17)} 8.
Qc2 {(00:42)} c6 {(00:13)} 9. Bf4 {(09:10)} b6 {(
05:06)} 10. Rd1 {(01:54)} Ba6 {(01:01)} 11. Ne5 {(00:57)}
Rc8 {(00:39)} 12. cxd5 {(01:17)} Nxd5 {(00:16)} 13. Nc3 {
(00:48)} Nxe5 {(01:25)} 14. Bxe5 {(08:33)} f6 {(00:
35)} 15. Bf4 {(00:05)} Nxf4 {(00:09)} 16. gxf4 {(00:07)}
f5 {(00:04)} 17. e3 {(03:11)} Rc7 {(10:47)} 18. Qa4 {
(07:24)} Qc8 {(12:05)} 19. Rac1 {(02:29)} Kh8 {(01:
39)} 20. Rd2 {(07:37)} Rg8 {(07:22)} 21. Ne2 {(02:29)} g5
{(10:54)} 22. fxg5 {(00:50)} Bxg5 {(01:11)} 23. Rdc2 {
(15:05)} Bxe2 {(08:56)} 24. Rxe2 {(00:19)} Bf6 {(
00:43)} 25. f4 {(04:46)} c5 {(03:01)} 26. dxc5 {(02:22)}
Rxc5 {(00:13)} 27. Rxc5 {(00:14)} Qxc5 {(00:06)} 28. Qc2 {
(00:17)} Be7 {(04:46)} 29. Kf2 {(07:58)} Rd8 {(02:
55)} 30. Qxc5 {(01:17)} Bxc5 {(00:05)} 31. Bc6 {(00:14)}
1/2-1/2

[Event "42nd Olympiad Baku 2016 Open"]
[Site "Baku"]
[Date "2016.09.05"]
[Round "4.8"]
[White "Barbosa, Evandro Amorim"]
[Black "Forster, Richard"]
[Result "1-0"]
[ECO "B28"]
[WhiteElo "2509"]
[BlackElo "2459"]
[Annotator ""]
[PlyCount "69"]
[EventDate "2016.??.??"]
[EventCountry "AZE"]
[SourceTitle "playchess.com"]
[Source "ChessBase"]
[WhiteTeam "Brazil"]
[BlackTeam "Switzerland"]
[WhiteTeamCountry "BRA"]
[BlackTeamCountry "SUI"]
[TimeControl "40/5400+30:1800+30"]

1. e4 {(00:00)} c5 {(00:00)} 2. Nf3 {(00:00)} a6 {(
00:00)} 3. g3 {(00:16)} b5 {(00:18)} 4. Bg2 {(00:13)} Bb7
{(00:06)} 5. d3 {(00:12)} g6 {(07:11)} 6. O-O {(00:
09)} Bg7 {(00:03)} 7. Re1 {(01:02)} e5 {(09:19)} 8. c3 {
(00:50)} Nc6 {(01:49)} 9. Be3 {(02:46)} d6 {(01:00]
} 10. d4 {(00:15)} cxd4 {(02:33)} 11. cxd4 {(00:07)} exd4
{(00:34)} 12. Nxd4 {(00:26)} Nge7 {(00:26)} 13. Nc3 {
(02:16)} O-O {(00:14)} 14. a4 {(09:30)} b4 {(16:39]
} 15. Nd5 {(01:18)} Nxd5 {(00:23)} 16. exd5 {(00:11)} Nxd4
{(00:22)} 17. Bxd4 {(00:06)} Rc8 {(00:48)} 18. a5 {
(08:52)} Rc4 {(09:10)} 19. Bb6 {(07:27)} Qf6 {(04:
58)} 20. Qb3 {(19:18)} Rfc8 {(10:49)} 21. Rab1 {(04:09)}
Qf5 {(04:45)} 22. Rbd1 {(01:58)} Bf6 {(08:50)} 23. Re8+ {
(07:40)} Rxe8 {(05:41)} 24. Qxc4 {(01:43)} Qh5 {(
00:12)} 25. Rf1 {(02:28)} Qe5 {(10:48)} 26. Rb1 {(11:06)}
Kg7 {(01:41)} 27. Be3 {(06:20)} Rc8 {(01:38)} 28. Qb3 {
(00:17)} Qf5 {(00:39)} 29. Re1 {(01:27)} h5 {(02:
34)} 30. Bb6 {(06:24)} h4 {(00:46)} 31. Be4 {(01:41)} Qe5
{(00:28)} 32. Qxb4 {(00:29)} Re8 {(00:29)} 33. Be3 {
(01:05)} Bxd5 {(00:36)} 34. Bg2 {(02:26)} Kh7 {(00:
37)} 35. Bd2 {(00:30)} 1-0

[Event "42nd Olympiad Baku 2016 Open"]
[Site "Baku"]
[Date "2016.09.05"]
[Round "4.27"]
[White "Barcenilla, Rogelio"]
[Black "Valdes Romero, Leonardo"]
[Result "1-0"]
[ECO "A16"]
[WhiteElo "2455"]
[BlackElo "2387"]
[Annotator ""]
[PlyCount "147"]
[EventDate "2016.??.??"]
[EventCountry "AZE"]
[SourceTitle "playchess.com"]
[Source "ChessBase"]
[WhiteTeam "Philippines"]
[BlackTeam "Costa Rica"]
[WhiteTeamCountry "PHI"]
[BlackTeamCountry "CRI"]
[TimeControl "40/5400+30:1800+30"]

1. c4 {(00:00)} Nf6 {(00:00)} 2. Nc3 {(00:00)} g6 {
(00:00)} 3. g3 {(00:00)} Bg7 {(00:00)} 4. Bg2 {(00:
00)} O-O {(00:11)} 5. e4 {(00:04)} d6 {(00:05)} 6. Nge2 {
(00:08)} c5 {(00:05)} 7. d3 {(00:10)} Nc6 {(00:06)}
8. O-O {(00:07)} a6 {(00:16)} 9. h3 {(00:05)} Rb8 {
(00:03)} 10. a4 {(00:09)} Ne8 {(00:17)} 11. Be3 {(
00:06)} Nc7 {(00:06)} 12. d4 {(00:06)} cxd4 {(00:05)} 13.
Nxd4 {(00:06)} Ne6 {(00:28)} 14. Nde2 {(00:06)} Nc5 {
(00:12)} 15. Rb1 {(00:07)} Nb4 {(00:44)} 16. b3 {(
00:32)} Bd7 {(00:45)} 17. Qd2 {(00:08)} a5 {(02:03)} 18.
Bh6 {(04:30)} b6 {(02:31)} 19. Bxg7 {(00:15)} Kxg7 {
(00:05)} 20. f4 {(01:02)} f6 {(00:36)} 21. Nd4 {(
06:05)} Rc8 {(09:45)} 22. Rfd1 {(13:25)} Ne6 {(40:00)} 23.
Nde2 {(10:13)} Nc5 {(02:35)} 24. Qe3 {(00:29)} Nc2 {
(03:49)} 25. Qf2 {(00:54)} Nb4 {(00:07)} 26. Rd2 {(
00:39)} Nc6 {(02:30)} 27. Qe3 {(00:27)} Qe8 {(02:15)} 28.
Nd5 {(01:30)} Rb8 {(00:41)} 29. g4 {(05:18)} Qf7 {(
06:51)} 30. Bf3 {(05:08)} Kh8 {(02:17)} 31. Kh2 {(04:08)}
g5 {(04:18)} 32. f5 {(05:00)} Ne5 {(01:51)} 33. Ng3 {
(04:49)} Rfc8 {(17:23)} 34. Be2 {(00:26)} Bc6 {(00:
36)} 35. Nc3 {(03:22)} Rb7 {(00:18)} 36. Rdd1 {(01:32)}
Rg8 {(00:33)} 37. Rh1 {(00:56)} Qf8 {(00:31)} 38. Kg2 {
(01:44)} Be8 {(00:29)} 39. Kf2 {(03:05)} Bf7 {(00:
09)} 40. Nb5 {(00:00)} Qc8 {(00:00)} 41. h4 {(04:11)}
Ncd3+ {(07:57)} 42. Kf1 {(08:15)} Qc5 {(01:02)} 43. Nd4 {
(04:21)} Nc6 {(08:05)} 44. hxg5 {(01:56)} Rxg5 {(
00:34)} 45. Qxd3 {(03:04)} Nxd4 {(03:40)} 46. Rh4 {(00:25]
} Rb8 {(02:25)} 47. Kg2 {(02:55)} Rbg8 {(01:09)} 48. Rbh1
{(10:22)} R8g7 {(00:38)} 49. Bd1 {(01:42)} Nc6 {(
04:33)} 50. Qd2 {(01:13)} Qe5 {(02:34)} 51. R1h3 {(05:19)}
Kg8 {(03:50)} 52. Kh1 {(05:51)} Qa1 {(00:24)} 53. Kg2 {
(01:12)} Qe5 {(00:43)} 54. Rh2 {(04:37)} Nd4 {(01:
03)} 55. Qf2 {(02:31)} Be8 {(00:24)} 56. Kh3 {(01:42)} Kf8
{(00:49)} 57. Qe3 {(01:48)} Bc6 {(01:25)} 58. Rd2 {
(01:26)} Nxf5 {(00:38)} 59. Nxf5 {(00:13)} Bxe4 {(
00:13)} 60. Rd5 {(02:20)} Qe6 {(01:36)} 61. Qf2 {(01:47)}
Bxf5 {(00:37)} 62. Rxf5 {(00:23)} Qe4 {(00:30)} 63. Rxg5 {
(01:02)} Rxg5 {(00:06)} 64. Bc2 {(00:21)} Qh1+ {(
00:43)} 65. Kg3 {(00:06)} Qa1 {(00:06)} 66. Rxh7 {(00:39)}
Qe5+ {(00:27)} 67. Kh4 {(00:51)} Qa1 {(00:35)} 68. Qf3 {
(01:39)} Qe1+ {(00:59)} 69. Kh3 {(00:09)} d5 {(00:
27)} 70. Rh5 {(02:06)} Rxh5+ {(00:32)} 71. gxh5 {(00:06)}
Qd2 {(00:12)} 72. Bf5 {(00:45)} dxc4 {(00:54)} 73. bxc4 {
(00:08)} Qc1 {(00:30)} 74. Be6 {(00:19)} 1-0

[Event "42nd Olympiad Baku 2016 Open"]
[Site "Baku"]
[Date "2016.09.05"]
[Round "4.25"]
[White "Bareev, Evgeny"]
[Black "Ali, Muhammad Lutfi"]
[Result "1-0"]
[ECO "A41"]
[WhiteElo "2675"]
[BlackElo "2411"]
[Annotator ""]
[PlyCount "87"]
[EventDate "2016.??.??"]
[EventCountry "AZE"]
[SourceTitle "playchess.com"]
[Source "ChessBase"]
[WhiteTeam "Canada"]
[BlackTeam "Indonesia"]
[WhiteTeamCountry "CAN"]
[BlackTeamCountry "INA"]
[TimeControl "40/5400+30:1800+30"]

1. d4 {(00:00)} d6 {(00:00)} 2. Nf3 {(00:15)} g6 {(
00:16)} 3. Bf4 {(00:31)} Nf6 {(00:49)} 4. e3 {(00:18)} Bg7
{(01:46)} 5. h3 {(00:07)} O-O {(00:21)} 6. Be2 {(
00:06)} c5 {(02:44)} 7. Na3 {(05:59)} b6 {(06:05)} 8. O-O
{(00:18)} Bb7 {(02:02)} 9. Bh2 {(00:18)} Nbd7 {(12:
31)} 10. Rc1 {(01:03)} a6 {(15:24)} 11. c4 {(00:13)} Rc8 {
(16:27)} 12. d5 {(05:00)} b5 {(04:14)} 13. Nd2 {(
00:44)} Nxd5 {(08:50)} 14. cxd5 {(04:21)} Bxb2 {(00:07)}
15. Nab1 {(01:47)} Bxc1 {(02:32)} 16. Qxc1 {(00:24)} Bxd5
{(00:40)} 17. Nc3 {(00:18)} Be6 {(00:30)} 18. e4 {(
07:22)} Nb6 {(01:05)} 19. Bf3 {(05:32)} c4 {(04:38)} 20.
Bf4 {(02:32)} d5 {(01:44)} 21. exd5 {(05:08)} Nxd5 {
(00:05)} 22. Bh6 {(00:30)} Nxc3 {(02:44)} 23. Qxc3 {
(00:07)} f6 {(00:24)} 24. Ne4 {(12:50)} Bf5 {(02:
29)} 25. Qe3 {(23:50)} Qd3 {(05:39)} 26. Qa7 {(01:12)} Qd7
{(07:17)} 27. Qxa6 {(01:07)} Rfd8 {(01:22)} 28. Nc3 {
(02:55)} b4 {(00:11)} 29. Nd5 {(00:07)} b3 {(00:25]
} 30. axb3 {(07:54)} cxb3 {(00:04)} 31. Qa3 {(00:06)} Kf7
{(00:25)} 32. Nb6 {(00:41)} Qb5 {(00:15)} 33. Nxc8 {
(01:21)} Rxc8 {(00:06)} 34. Re1 {(00:20)} Be6 {(01:
17)} 35. Bg4 {(03:51)} f5 {(01:10)} 36. Qb2 {(00:48)} fxg4
{(00:44)} 37. Qg7+ {(00:08)} Ke8 {(00:02)} 38. Rxe6 {
(00:09)} Qc5 {(01:03)} 39. Be3 {(02:36)} Qb4 {(00:
15)} 40. Rb6 {(00:00)} Qe1+ {(00:00)} 41. Kh2 {(03:10)}
g3+ {(10:29)} 42. Kxg3 {(00:17)} Qc3 {(00:31)} 43. Qg8+ {
(00:43)} Kd7 {(00:10)} 44. Qe6+ {(00:42)} 1-0

[Event "42nd Olympiad Baku 2016 Open"]
[Site "Baku"]
[Date "2016.09.05"]
[Round "4.12"]
[White "Baron, Tal"]
[Black "Buhmann, Rainer"]
[Result "0-1"]
[ECO "C91"]
[WhiteElo "2553"]
[BlackElo "2640"]
[Annotator ""]
[PlyCount "108"]
[EventDate "2016.??.??"]
[EventCountry "AZE"]
[SourceTitle "playchess.com"]
[Source "ChessBase"]
[WhiteTeam "Israel"]
[BlackTeam "Germany"]
[WhiteTeamCountry "ISR"]
[BlackTeamCountry "GER"]
[TimeControl "40/5400+30:1800+30"]

1. e4 {(00:00)} e5 {(00:00)} 2. Nf3 {(00:00)} Nc6 {
(00:00)} 3. Bb5 {(00:00)} a6 {(00:04)} 4. Ba4 {(00:
00)} Nf6 {(00:19)} 5. O-O {(00:00)} Be7 {(00:20)} 6. Re1 {
(00:21)} b5 {(00:28)} 7. Bb3 {(00:02)} d6 {(00:24)}
8. c3 {(00:15)} O-O {(00:16)} 9. d4 {(03:38)} Bg4 {
(00:49)} 10. Be3 {(00:09)} exd4 {(00:57)} 11. cxd4 {
(00:03)} d5 {(00:35)} 12. e5 {(00:25)} Ne4 {(00:11]
} 13. h3 {(00:16)} Bh5 {(00:48)} 14. Nbd2 {(02:04)} a5 {
(01:10)} 15. Qb1 {(44:59)} Nxd2 {(11:43)} 16. Nxd2 {
(00:14)} Nb4 {(07:00)} 17. f4 {(03:57)} a4 {(07:41]
} 18. Bd1 {(09:12)} Bxd1 {(01:08)} 19. Rxd1 {(00:05)} Qd7
{(09:54)} 20. f5 {(07:11)} c5 {(10:19)} 21. dxc5 {(
01:14)} Qc7 {(10:32)} 22. a3 {(12:26)} Bxc5 {(07:39)} 23.
Nf1 {(00:02)} Qb6 {(12:51)} 24. Re1 {(06:16)} Nc6 {
(00:25)} 25. Kh1 {(01:36)} Rfe8 {(01:46)} 26. Bxc5 {
(04:20)} Qxc5 {(00:03)} 27. Qc1 {(00:19)} Qxc1 {(
07:17)} 28. Raxc1 {(00:05)} Rxe5 {(02:16)} 29. Rxe5 {(00:
31)} Nxe5 {(00:03)} 30. Rc5 {(00:08)} Rb8 {(00:33)} 31.
Ne3 {(01:37)} Nd3 {(03:33)} 32. Rxd5 {(01:48)} Nxb2 {
(00:07)} 33. Rd4 {(00:03)} Kf8 {(00:54)} 34. Kg1 {(
00:01)} Rc8 {(01:28)} 35. Kf2 {(00:29)} Rc3 {(01:18)} 36.
Rd8+ {(01:40)} Ke7 {(00:01)} 37. Nd5+ {(00:10)} Kxd8 {
(00:04)} 38. Nxc3 {(00:04)} Kd7 {(02:18)} 39. Nxb5 {
(00:38)} Kc6 {(00:07)} 40. Nc3 {(00:00)} Kc5 {(00:
00)} 41. f6 {(18:45)} gxf6 {(10:57)} 42. Kf3 {(02:23)} Kd4
{(01:30)} 43. Ne2+ {(02:28)} Kd3 {(02:20)} 44. Nf4+ {
(00:10)} Kd4 {(03:33)} 45. Ne2+ {(00:02)} Kc4 {(04:
48)} 46. Ke4 {(02:00)} Nd1 {(01:15)} 47. Kf5 {(01:11)} Kb3
{(01:46)} 48. Nc1+ {(03:04)} Kxa3 {(01:34)} 49. Nd3 {
(00:23)} Ka2 {(00:39)} 50. Kxf6 {(01:02)} a3 {(00:
49)} 51. Kxf7 {(00:26)} Ne3 {(02:20)} 52. g4 {(00:29)} Kb1
{(01:13)} 53. Nb4 {(00:09)} Nc2 {(00:23)} 54. Nd5 {
(00:32)} Kb2 {(00:20)} 0-1

[Event "42nd Olympiad Baku 2016 Open"]
[Site "Baku"]
[Date "2016.09.05"]
[Round "4.30"]
[White "Barros Rivadeneira, Cristhian"]
[Black "Adly, Ahmed"]
[Result "1-0"]
[ECO "A46"]
[WhiteElo "2351"]
[BlackElo "2603"]
[Annotator ""]
[PlyCount "97"]
[EventDate "2016.??.??"]
[EventCountry "AZE"]
[SourceTitle "playchess.com"]
[Source "ChessBase"]
[WhiteTeam "Ecuador"]
[BlackTeam "Egypt"]
[WhiteTeamCountry "ECU"]
[BlackTeamCountry "EGY"]
[TimeControl "40/5400+30:1800+30"]

1. d4 {(00:00)} Nf6 {(00:00)} 2. Nf3 {(00:00)} e6 {
(00:00)} 3. g3 {(00:15)} c5 {(00:00)} 4. dxc5 {(01:
01)} Bxc5 {(00:03)} 5. Bg2 {(00:24)} Qb6 {(00:42)} 6. O-O
{(00:43)} Ne4 {(00:18)} 7. e3 {(01:42)} d5 {(00:08]
} 8. c4 {(22:26)} Nc6 {(00:57)} 9. cxd5 {(06:00)} exd5 {
(00:08)} 10. Nbd2 {(00:16)} O-O {(25:30)} 11. Nxe4 {
(26:39)} dxe4 {(00:06)} 12. Ng5 {(00:09)} Be7 {(00:
42)} 13. Nxe4 {(10:08)} Rd8 {(00:54)} 14. Qh5 {(06:20)}
Be6 {(07:35)} 15. b3 {(16:47)} Rd5 {(00:44)} 16. Qe2 {
(00:07)} Rad8 {(00:05)} 17. Rb1 {(01:39)} Bf5 {(09:
09)} 18. Nc3 {(00:20)} Re5 {(01:12)} 19. e4 {(00:46)} Nd4
{(00:02)} 20. Qb2 {(00:36)} Bb4 {(00:41)} 21. Na4 {
(01:15)} Qb5 {(00:12)} 22. exf5 {(02:39)} Re2 {(00:
35)} 23. Qa1 {(00:01)} Nc2 {(00:16)} 24. Qb2 {(00:16)}
Qxf5 {(19:16)} 25. Nc3 {(00:49)} Ba3 {(00:20)} 26. Nxe2 {
(00:13)} Bxb2 {(00:05)} 27. Bxb2 {(00:09)} Rd2 {(
01:43)} 28. Rbd1 {(00:43)} Qd7 {(00:33)} 29. Nc3 {(00:20)}
h5 {(01:08)} 30. Be4 {(01:05)} Nb4 {(01:14)} 31. Rxd2 {
(00:34)} Qxd2 {(00:02)} 32. Rd1 {(00:06)} Qg5 {(00:
04)} 33. h4 {(00:50)} Qe7 {(00:17)} 34. Bf3 {(00:26)} Qe5
{(01:00)} 35. Rd8+ {(00:36)} Kh7 {(00:02)} 36. Kg2 {
(00:47)} Nxa2 {(00:16)} 37. Be4+ {(00:42)} g6 {(00:
40)} 38. Rd5 {(00:32)} Qe6 {(00:01)} 39. Bf3 {(00:24)} Nb4
{(03:18)} 40. Ne4 {(00:00)} Qc8 {(00:00)} 41. Rd7 {
(02:36)} Kg8 {(02:37)} 42. Nf6+ {(01:23)} Kf8 {(00:
19)} 43. Ba3 {(00:12)} a5 {(00:34)} 44. Bxb4+ {(00:23)}
Kg7 {(00:34)} 45. Rc7 {(00:20)} Qd8 {(00:49)} 46. Bc3 {
(00:08)} g5 {(00:43)} 47. hxg5 {(00:59)} Kg6 {(00:
19)} 48. Bxh5+ {(01:15)} Kxg5 {(02:00)} 49. f4+ {(00:16)}
1-0

[Event "42nd Olympiad Baku 2016 Open"]
[Site "Baku"]
[Date "2016.09.05"]
[Round "4.12"]
[White "Bateman, Kerry"]
[Black "Bazil, Joslin"]
[Result "0-1"]
[ECO "B00"]
[WhiteElo "1785"]
[BlackElo "1878"]
[Annotator ""]
[PlyCount "62"]
[EventDate "2016.??.??"]
[EventCountry "AZE"]
[SourceTitle "playchess.com"]
[Source "ChessBase"]
[WhiteTeam "Channel Islands"]
[BlackTeam "Haiti"]
[WhiteTeamCountry "GCI"]
[BlackTeamCountry "HAI"]
[TimeControl "40/5400+30:1800+30"]

1. e4 {(00:00)} d6 {(00:00)} 2. Nc3 {(02:16)} Nf6 {
(00:11)} 3. Bc4 {(02:49)} g6 {(01:32)} 4. f4 {(01:
58)} c6 {(02:18)} 5. d3 {(05:06)} Bg7 {(00:52)} 6. Nf3 {
(01:01)} O-O {(05:12)} 7. O-O {(01:08)} d5 {(06:49]
} 8. Bb3 {(00:49)} Bg4 {(04:39)} 9. Qe1 {(07:45)} Bxf3 {
(03:53)} 10. Rxf3 {(01:43)} e6 {(00:57)} 11. Qh4 {(
12:29)} Nfd7 {(06:13)} 12. Qxd8 {(03:15)} Rxd8 {(00:03)}
13. Bd2 {(06:38)} Nc5 {(07:11)} 14. Re1 {(17:02)} Bd4+ {
(03:04)} 15. Kh1 {(00:43)} Nbd7 {(02:01)} 16. g4 {(
12:49)} Nf6 {(03:12)} 17. e5 {(06:09)} Nxg4 {(02:28)} 18.
Nd1 {(00:32)} Nh6 {(00:41)} 19. c3 {(00:30)} Nxb3 {
(00:13)} 20. axb3 {(00:25)} Bb6 {(00:15)} 21. d4 {(
01:10)} c5 {(00:39)} 22. Be3 {(01:54)} cxd4 {(00:19)} 23.
Bxd4 {(01:58)} Bxd4 {(00:34)} 24. cxd4 {(00:28)} Nf5 {
(00:10)} 25. Rd3 {(00:37)} Rdc8 {(01:40)} 26. Nc3 {
(02:02)} Rc6 {(01:05)} 27. Ra1 {(01:35)} a6 {(00:
49)} 28. Ra4 {(01:08)} Rac8 {(01:21)} 29. Kg2 {(01:16)}
Rb6 {(01:27)} 30. Ra5 {(03:19)} Rxb3 {(02:19)} 31. Rd2 {
(02:09)} Ne3+ {(00:42)} 0-1